 Dungeon Crawl Stone Soup version 0.23.2-33-g5129a83184 (webtiles) character file.

Game seed: 7873340970460159156

1402 doot the Thaumaturge (level 8, -11/43 HPs)
             Began as a Deep Elf Wizard on July 23, 2019.
             Was a Follower of Kikubaaqudgha.
             Mangled by Prince Ribbit (20 damage)
             ... on level 6 of the Dungeon.
             The game lasted 00:16:34 (7204 turns).

doot the Thaumaturge (Deep Elf Wizard)              Turns: 7204, Time: 00:16:34

Health: -11/43     AC:  2    Str:  4    XL:     8   Next: 42%
Magic:  3/23       EV: 14    Int: 26    God:    Kikubaaqudgha [*.....]
Gold:   221        SH:  4    Dex: 15    Spells: 6/26 levels left

rFire    . . .     SeeInvis .   p - staff of energy
rCold    . . .     Gourm    .   (no shield)
rNeg     . . .     Faith    .   a - +0 robe
rPois    .         Spirit   .   b - +0 hat
rElec    .         Reflect  +   (no cloak)
rCorr    .         Harm     .   (no gloves)
MR       .....                  (no boots)
Stlth    +++.......             x - +4 amulet of reflection
HPRegen  0.14/turn              l - +2 ring of dexterity
MPRegen  0.18/turn              t - ring of wizardry

@: no status effects
A: no striking features
a: Receive Corpses, Renounce Religion


You were on level 6 of the Dungeon.
You worshipped Kikubaaqudgha.
Kikubaaqudgha was aware of your devotion.
You were hungry.

You visited 2 branches of the dungeon, and saw 7 of its levels.

You collected 221 gold pieces.

Inventory:

Armour
 a - a +0 robe (worn)
 b - a +0 hat (worn)
Magical Staves
 p - an uncursed staff of energy (weapon)
Jewellery
 l - a +2 ring of dexterity (left hand)
 t - a ring of wizardry (right hand)
 w - an uncursed ring of wizardry
 x - a +4 amulet of reflection (around neck)
Wands
 s - a wand of enslavement (7)
 u - a wand of digging (3)
 v - a wand of flame (13)
Scrolls
 c - 3 scrolls of amnesia {unknown}
 f - a scroll of teleportation {unknown}
 g - 4 scrolls of fear {unknown}
 h - 4 scrolls of identify {unknown}
 j - 3 scrolls of remove curse {unknown}
 k - a scroll of fog {unknown}
 n - 3 scrolls of enchant armour {unknown}
 o - a scroll of noise {unknown}
 r - a scroll of magic mapping {unknown}
 y - a scroll of blinking {unknown}
Potions
 e - a potion of cancellation {unknown}
 i - 2 potions of ambrosia {unknown}
 m - a potion of curing
 q - a potion of berserk rage {unknown}
Comestibles
 d - 11 rations
 z - a chunk of flesh


   Skills:
 + Level 1.1 Fighting
 + Level 0.6 Staves
 + Level 3.7 Dodging
 + Level 4.1 Stealth
 + Level 9.9 Spellcasting
 + Level 5.8 Conjurations
   Level 1.1 Summonings
 + Level 1.6 Necromancy
 + Level 2.3 Translocations
 + Level 1.2 Fire Magic
 + Level 1.8 Air Magic
 + Level 1.1 Poison Magic


You had 6 spell levels left.
You knew the following spells:

 Your Spells              Type           Power        Failure   Level  Hunger
a - Magic Dart            Conj           ####         1%          1    None
b - Blink                 Tloc           N/A          1%          2    None
c - Conjure Flame         Conj/Fire      ####....     1%          3    None
d - Mephitic Cloud        Conj/Pois/Air  ####....     1%          3    None
e - Animate Skeleton      Necr           N/A          1%          1    None
f - Vampiric Draining     Necr           ###.......   3%          3    None
g - Regeneration          Chrm/Necr      ###.......   4%          3    None
h - Animate Dead          Necr           N/A          10%         4    None

Your spell library contained the following spells:

 Spells                   Type           Power        Failure   Level  Hunger
 Pain                     Necr           ###.         1%          1    None
 Call Imp                 Summ           ###.....     1%          2    None
 Sublimation of Blood     Necr           ###.......   1%          2    None
 Slow                     Hex            ##......     2%          2    None


Dungeon Overview and Level Annotations

Branches:
Dungeon (6/15)             Temple (1/1) D:4

Altars:
Cheibriados
Dithmenos
Elyvilon
Fedhas
Gozag
Hepliaklqana
Kikubaaqudgha
Makhleb
Nemelex Xobeh
Okawaru
Qazlal
Ru
Sif Muna
Trog
Uskayaw
Vehumet
Wu Jian
Xom
Yredelemnul

Annotations:
D:3 Grinder
D:4 Menkaure
D:6 Prince Ribbit


Message History

Aiming: Magic Dart (safe; 1% risk of failure)
Press: ? - help, Shift-Dir - straight line, f/p - Prince Ribbit
Aim: Prince Ribbit (noxious fumes, lightly wounded, confused)
The magic dart hits Prince Ribbit.
Prince Ribbit is moderately wounded.
Prince Ribbit is engulfed in noxious fumes.
Really walk into that cloud of noxious fumes?
Okay, then.
Prince Ribbit is engulfed in noxious fumes. x2
Prince Ribbit seems less confused.
It was a potion of curing.
You feel better.
Prince Ribbit blinks!
Prince Ribbit blinks!
You are feeling hungry.
Prince Ribbit blinks! x2
Prince Ribbit hits you. Prince Ribbit hits you!! Prince Ribbit hits you!
* * * LOW HITPOINT WARNING * * *
Prince Ribbit hits you!!
You die...
Kikubaaqudgha rasps: "You have failed me!
Welcome... death!"

##..........#
#....##....## #.#
#....#### #######
###.###.##.....
#.....#
#.......######.
#.....###)#.#####
## #.....#..)..#
#........####
#.....@..#
#....F####
#.....# #.....#
#.....# #######


You could see Prince Ribbit.

Vanquished Creatures
  Sigmund (D:6)
  A sky beast (D:5)
  An orc warrior (D:6)
  An ogre (D:5)
  A bullfrog (D:6)
  A wyvern skeleton (D:6)
  A howler monkey (D:4)
  3 quasits
  3 jellies
  2 hounds
  4 orc wizards
  A gnoll shaman (D:5)
  An orc priest (D:6)
  2 iguanas
  Terence (D:3)
  2 worker ants (D:5)
  2 hound skeletons (D:5)
  5 gnolls (D:5)
  4 adders
  2 shadow imps
  10 oozes
  An adder skeleton (D:5)
  6 worms
  5 dart slugs
  2 leopard geckos (D:5)
  6 orcs
  7 bats
  3 giant cockroaches
  6 goblins
  5 hobgoblins
  4 jackals
  2 quokkas
  2 ball pythons (D:2)
  6 frilled lizards
  12 kobolds
  6 rats
122 creatures vanquished.

Vanquished Creatures (collateral kills)
  A hound (D:3)
  A giant cockroach (D:3)
2 creatures vanquished.

Vanquished Creatures (others)
  A fungus (D:3)
  8 toadstools (D:3)
9 creatures vanquished.

Grand Total: 133 creatures vanquished

Notes
Turn   | Place    | Note
-------+----------+-------------------------------------------
     0 | D:1      | doot the Deep Elf Wizard began the quest for the Orb.
     0 | D:1      | Reached XP level 1. HP: 10/10 MP: 7/7
   280 | D:1      | Reached skill level 5 in Spellcasting
   280 | D:1      | Reached XP level 2. HP: 12/15 MP: 1/10
   284 | D:1      | Learned a level 2 spell: Blink
  1284 | D:2      | Reached XP level 3. HP: 19/19 MP: 2/11
  1356 | D:2      | Learned a level 3 spell: Conjure Flame
  1360 | D:2      | Learned a level 3 spell: Mephitic Cloud
  1979 | D:4      | Reached XP level 4. HP: 24/24 MP: 8/13
  2339 | D:4      | Reached skill level 6 in Spellcasting
  2534 | D:4      | Reached skill level 7 in Spellcasting
  2534 | D:4      | Reached XP level 5. HP: 23/28 MP: 0/16
  2764 | D:4      | Found a staircase to the Ecumenical Temple.
  2774 | Temple   | Entered the Ecumenical Temple
  2792 | Temple   | Became a worshipper of Kikubaaqudgha
  2923 | D:4      | Noticed Menkaure
  3670 | D:3      | Reached XP level 6. HP: 32/32 MP: 13/18
  3736 | D:3      | Reached * piety under Kikubaaqudgha
  3736 | D:3      | Identified Kikubaaqudgha's Handbook of Sinister Arts
                  | (Kikubaaqudgha gifted it to you on level 3 of the Dungeon)
  3736 | D:3      | Received a gift from Kikubaaqudgha
  3740 | D:3      | Learned a level 1 spell: Animate Skeleton
  3744 | D:3      | Learned a level 3 spell: Vampiric Draining
  3834 | D:3      | Noticed Terence
  3840 | D:3      | Killed Terence
  4078 | D:3      | Found a burning altar of Makhleb.
  4520 | D:3      | Noticed Grinder
  4562 | D:5      | Entered Level 5 of the Dungeon
  4881 | D:5      | Reached skill level 8 in Spellcasting
  5020 | D:5      | Reached XP level 7. HP: 36/36 MP: 2/20
  5044 | D:5      | Learned a level 3 spell: Regeneration
  5379 | D:5      | Reached skill level 1 in Fighting
  5417 | D:5      | Reached skill level 1 in Necromancy
  5438 | D:5      | Reached skill level 1 in Air Magic
  5552 | D:5      | Reached skill level 9 in Spellcasting
  6030 | D:5      | Found a blossoming altar of Fedhas.
  6030 | D:5      | Found a deep blue altar of Sif Muna.
  6036 | D:5      | Learned a level 4 spell: Animate Dead
  6514 | D:6      | Found an opulent altar of Gozag.
  6514 | D:6      | Found a faded altar of an unknown god.
  6519 | D:6      | Found an iron altar of Okawaru.
  6521 | D:6      | Found a faded altar of an unknown god.
  6523 | D:6      | Found a burning altar of Makhleb.
  6616 | D:6      | Reached skill level 1 in Fire Magic
  6643 | D:6      | Noticed Sigmund
  6657 | D:6      | Killed Sigmund
  6657 | D:6      | Reached skill level 5 in Conjurations
  6657 | D:6      | Reached XP level 8. HP: 27/43 MP: 17/23
  7135 | D:6      | Reached skill level 1 in Poison Magic
  7173 | D:6      | Noticed Prince Ribbit
  7204 | D:6      | Mangled by Prince Ribbit

Skill      XL: |  1  2  3  4  5  6  7  8 |
---------------+-------------------------+-----
Spellcasting   | 5 7 8 9 |  9.9
Stealth        | 3 4 |  4.1
Conjurations   | 2 3 4 5 |  5.8
Dodging        | 3 |  3.7
Fighting       | 1 |  1.1
Necromancy     | 1 |  1.6
Air Magic      | 1 |  1.8
Fire Magic     | 1 |  1.2
Translocations | 2 |  2.3
Poison Magic   | 1 |  1.1
Staves         | |  0.6
Summonings     | |  1.1

Action                   |  1- 3 |  4- 6 |  7- 9 || total
-------------------------+-------+-------+-------++-------
Melee: Unarmed           |     1 |       |       ||     1
       Staff             |       |    13 |     4 ||    17
 Cast: Magic Dart        |   116 |    88 |   109 ||   313
       Mephitic Cloud    |       |     9 |     8 ||    17
       Conjure Flame     |       |    14 |    12 ||    26
       Blink             |       |     4 |     9 ||    13
       Animate Skeleton  |       |    11 |     4 ||    15
       Regeneration      |       |       |     2 ||     2
       Animate Dead      |       |       |     1 ||     1
  Use: Potion            |       |       |     1 ||     1
 Stab: Confused          |       |     1 |       ||     1
  Eat: Chunk             |     3 |     9 |     7 ||    19
Armor: Robe              |     5 |    15 |     4 ||    24
Dodge: Dodged            |    15 |    45 |    15 ||    75
Block: Other             |       |       |     2 ||     2
